 Dungeon Crawl Stone Soup version 0.32-a0-32-g978bd804de (webtiles) character file.

Game seed: 11324425185171260528

4006 shadizar the Destroyer (level 10, -2/75 HPs)
             Began as a Djinni Conjurer on Jan 20, 2024.
             Was a Believer of Makhleb.
             Slain by a troll (6 damage)
             ... on level 8 of the Dungeon.
             The game lasted 00:18:44 (8405 turns).

shadizar the Destroyer (Djinni Conjurer)            Turns: 8405, Time: 00:18:45

Health: -2/75      AC: 13    Str:  9    XL:     10   Next: 47%
Gold:   373        EV: 11    Int: 23    God:    Makhleb [**....] SH:  5 Dex: 16

rFire   + + .        d - +7 sling (chaos)
rCold   x . .        e - +0 buckler
rNeg    + . .        k - +0 ring mail "Tophir" {rPois Str+3 Dex+3}
rPois   ∞            j - +2 helmet "Ideacopi" {rN+}
rElec   .            q - +1 cloak
rCorr   .            m - +1 pair of gloves
SInv    .            (boots unavailable)
Will    +....        (no amulet)
Stlth   +            (no ring)
HPRegen 0.32/turn    (no ring)
MPRegen 0.00/turn

%: infuse magic (-3 HP)
@: flying, studying Conjurations
A: sickness immunity, fire resistance 2, cold vulnerability 1, float, innate
caster, HP casting, extra vitality 1
a: Renounce Religion, Minor Destruction


You were on level 8 of the Dungeon.
You worshipped Makhleb.
Makhleb was pleased with you.
You visited 2 branches of the dungeon, and saw 10 of its levels.

You collected 373 gold pieces.

Inventory:

Hand Weapons
 c - a +2 flail of holy wrath
 d - a +7 sling of chaos (weapon)
 o - the +1 short sword of Gutsumm {flame, rElec}
   (You found it on level 7 of the Dungeon)

   rElec:     It insulates you from electricity.
 u - a +3 whip of electrocution
 x - a +1 heavy orcbow
Armour
 a - a +0 robe
 e - a +0 buckler (worn)
 j - the +2 helmet "Ideacopi" (worn) {rN+}
   (You found it on level 2 of the Dungeon)

   rN+:       It protects you from negative energy.
 k - the +0 ring mail "Tophir" (worn) {rPois Str+3 Dex+3}
   (You found it on level 2 of the Dungeon)

   Str+3:     It affects your strength (+3).
   Dex+3:     It affects your dexterity (+3).
   rPois:     It protects you from poison
 m - a +1 pair of gloves (worn)
 q - a +1 cloak (worn)
Jewellery
 v - an amulet of faith
Wands
 l - a wand of mindburst (19)
 p - a wand of paralysis (21)
 r - a wand of flame (47)
 t - a wand of iceblast (14)
Scrolls
 i - a scroll of teleportation
 n - a scroll of vulnerability {unknown}
 y - a scroll of enchant weapon
 A - a scroll of fog
Potions
 b - a potion of heal wounds {unknown}
 f - a potion of ambrosia
 g - a potion of resistance
 h - 6 potions of haste
 s - a potion of might
 w - a potion of brilliance
 z - a potion of cancellation


   Skills:
 + Level 7.3 Fighting
 - Level 2.7 Ranged Weapons
 + Level 3.2 Armour
 + Level 4.4 Dodging
 - Level 1.5 Stealth
 + Level 5.4 Shields
 * Level 8.1 Spellcasting
 * Level 10.4 Conjurations
 * Level 8.1 Hexes
   Level 0.0 Charms
 * Level 8.1 Summonings
 * Level 8.1 Necromancy
 * Level 8.1 Translocations
   Level 0.0 Transmutations
 * Level 8.1 Fire Magic
 * Level 8.1 Ice Magic
 * Level 8.1 Air Magic
 * Level 8.1 Earth Magic
 * Level 8.1 Alchemy


You knew the following spells:

 Your Spells              Type           Power      Damage    Failure   Level
a - Magic Dart            Conj           100%       1d8       1%          1
b - Searing Ray           Conj           100%       2d8       1%          2
c - Fulminant Prism       Conj/Alch      25%        3d14      5%          4
d - Iskenderun's Mystic   Conj/Tloc      51%        2d11      5%          4
e - Summon Small Mammal   Summ           100%       N/A       1%          1
f - Ensorcelled Hibernat  Hex/Ice        92%        N/A       1%          2
g - Jinxbite              Hex            92%        N/A       1%          2
h - Sticky Flame          Fire/Alch      46%        2d9       9%          4
Your spell library was empty.

Dungeon Overview and Level Annotations

Branches:
Dungeon (9/15)             Temple (1/1) D:6
   Lair: D:8-11         Orc: D:9-12

Altars:
Ashenzari
Cheibriados
Dithmenos
Elyvilon
Fedhas
Hepliaklqana
Makhleb
Nemelex Xobeh
Okawaru
Ru
Trog
Uskayaw
Wu Jian
Xom
Yredelemnul
The Shining One

Shops:
D:1 [   D:3 =   D:5 !   D:8 =

Annotations:
D:7 1 runed translucent door, Crazy Yiuf
D:8 3 runed translucent doors


Innate Abilities, Weirdness & Mutations

You are immune to sickness and miasma.
You are immune to poison.
Your flesh is very heat resistant. (rF++)
You are vulnerable to cold. (rC-)
You float through the air rather than walking.
You learn spells naturally, not from books.
Your magical power is your life essence.
You have superior vitality. (+4 MHP)


Message History

The searing ray hits the troll.
The troll is heavily wounded. (Press . to maintain the ray.)
* * * LOW HITPOINT WARNING * * *
The troll bites you but does no damage. The troll claws you!
* * * LOW HITPOINT WARNING * * *
The troll claws you but does no damage.
Unknown command.
Casting: Searing Ray (safe; 1% risk of failure)
Confirm with . or Enter, or press ? or * to list all spells.
Restarting spell: Searing Ray (safe; 1% risk of failure)
Press: ? - help, Shift-Dir - straight line, f/p - troll
Aim: a troll (heavily wounded, 83% to hit)
The searing ray hits the troll!
The troll is severely wounded. (Press . to maintain the ray.)
* * * LOW HITPOINT WARNING * * *
The troll barely misses you. The troll claws you.
* * * LOW HITPOINT WARNING * * *
You block the troll's attack.
Unknown command.
Unknown command.
Fire: d) +7 sling (chaos)
Press: ? - help, Q - select action, (/) - cycle Shift-Dir - straight line, f/p - troll
Aim: a troll (severely wounded, 69% to hit)
You shoot a sling bullet.
The sling bullet barely misses the troll.
The troll bites you.
* * * LOW HITPOINT WARNING * * *
You block the troll's attack. The troll barely misses you.
Unknown command.
Unknown command.
Unknown command.
Fire: d) +7 sling (chaos)
Press: ? - help, Q - select action, (/) - cycle Shift-Dir - straight line, f/p - troll
Aim: a troll (severely wounded, 69% to hit)
You shoot a sling bullet. The sling bullet hits the troll!
You feel better.
The troll is almost dead.
The troll barely misses you. The troll closely misses you. The troll claws you.
You die...

######### #.......# #.#####.# #.#
#.# #.# #.# #.# #.# ##########
#.#####.# ###.......@#
#.#...#.#### ##.......##T#
#.#.#.#.##.. #...#'#...#.#
#.#.#.#.##.# ### #..♣#+#♣..#.#
#.#.#.#.##.# ..# #.###+###[#.#
#.#.#.#.##.# #.# #.'++∩++'...#
#.#...#^##.# #.#
#.###'###.#.#####.#.###.##.#
#.####..♣#'#♣..........#<....##.#
.........#'#...................>#


You could see a troll.

Vanquished Creatures
  Grinder (D:6)
  A troll (D:9)
  A slime creature (D:8)
  4 yaks (D:9)
  An acid dragon (D:9)
  2 orc warriors
  An ice beast (D:5)
  2 ogres
  7 centaurs
  3 kobold brigands
  A gnoll sergeant (D:8)
  A scorpion (D:7)
  3 wights
  5 killer bees
  6 howler monkeys
  A gnoll bouda (D:6)
  3 hounds
  4 orc priests
  2 iguanas
  6 orc wizards
  Natasha (thrice) (D:2)
  9 gnolls
  4 adders
  2 white imps
  2 ufetubi (D:6)
  4 dart slugs
  24 orcs
  11 ball pythons
  5 bats
  5 endoplasms
  8 giant cockroaches
  7 hobgoblins
  2 jackals (D:1)
  A quokka (D:5)
  2 frilled lizards
  11 goblins
  17 kobolds
  3 rats
175 creatures vanquished.

Vanquished Creatures (collateral kills)
  A howler monkey (D:8)
  A hobgoblin (D:3)
2 creatures vanquished.

Vanquished Creatures (others)
  A gnoll zombie (D:8)
  3 fulminant prisms
4 creatures vanquished.

Grand Total: 181 creatures vanquished

Notes
Turn   | Place    | Note
-------+----------+-------------------------------------------
     0 | D:1      | shadizar the Djinni Conjurer began the quest for the Orb.
     0 | D:1      | shadizar set off with the following spells memorised: Magic
                  | Dart, Searing Ray, Fulminant Prism, Iskenderun's Mystic
                  | Blast.
     0 | D:1      | Reached XP level 1. HP: 15/15 MP: 0/0
    99 | D:1      | Found Olekhil's Antique Armour Shop.
   156 | D:1      | Reached XP level 2. HP: 18/22 MP: 0/0
   215 | D:1      | Found a faded altar of an unknown god.
   262 | D:1      | Reached skill level 1 in Fighting
   416 | D:1      | Reached XP level 3. HP: 27/27 MP: 0/0
   416 | D:1      | Learned a level 1 spell: Summon Small Mammal
   876 | D:2      | Reached skill level 4 in Conjurations
   877 | D:2      | Identified the +2 helmet "Ideacopi" {rN+}
  1038 | D:2      | Reached XP level 4. HP: 31/33 MP: 0/0
  1053 | D:2      | Identified the +0 ring mail "Tophir" {rPois Str+3 Dex+3}
  1077 | D:2      | Noticed Natasha
  1083 | D:2      | Killed Natasha
  1153 | D:2      | Noticed Natasha
  1155 | D:2      | Killed Natasha
  1241 | D:2      | Reached XP level 5. HP: 35/40 MP: 0/0
  1241 | D:2      | Learned a level 2 spell: Ensorcelled Hibernation
  1363 | D:2      | Noticed Natasha
  1373 | D:2      | Killed Natasha
  2002 | D:3      | Found Ywiedaor's Jewellery Emporium.
  2161 | D:3      | Reached skill level 1 in Ranged Weapons
  2400 | D:3      | Noticed an ogre
  2413 | D:3      | Killed an ogre
  2414 | D:3      | Reached XP level 6. HP: 46/47 MP: 0/0
  2561 | D:3      | Identified a scroll of acquirement
  2561 | D:3      | Acquired a manual of Conjurations
  3187 | D:5      | Entered Level 5 of the Dungeon
  3236 | D:5      | Noticed an ogre
  3252 | D:5      | Killed an ogre
  3253 | D:5      | Reached skill level 5 in Conjurations
  3253 | D:5      | Reached XP level 7. HP: 51/52 MP: 0/0
  3253 | D:5      | Learned a level 2 spell: Jinxbite
  3287 | D:5      | Found Boyckuf's Distillery.
  3820 | D:5      | Reached skill level 5 in Spellcasting
  3820 | D:5      | Reached skill level 5 in Hexes
  3820 | D:5      | Reached skill level 5 in Summonings
  3820 | D:5      | Reached skill level 5 in Necromancy
  3820 | D:5      | Reached skill level 5 in Translocations
  3820 | D:5      | Reached skill level 5 in Fire Magic
  3820 | D:5      | Reached skill level 5 in Ice Magic
  3820 | D:5      | Reached skill level 5 in Air Magic
  3820 | D:5      | Reached skill level 5 in Earth Magic
  3820 | D:5      | Reached skill level 5 in Alchemy
  4361 | D:6      | Noticed Grinder
  4382 | D:6      | Paralysed by Grinder for 4 turns
  4455 | D:5      | Reached skill level 1 in Shields
  4455 | D:5      | Reached skill level 6 in Conjurations
  4455 | D:5      | Reached XP level 8. HP: 5/58 MP: 0/0
  4658 | D:6      | Killed Grinder
  4659 | D:6      | Reached skill level 5 in Fighting
  4855 | D:6      | Reached skill level 7 in Conjurations
  5306 | D:6      | Found a staircase to the Ecumenical Temple.
  5503 | D:6      | Reached XP level 9. HP: 46/66 MP: 0/0
  5503 | D:6      | Learned a level 4 spell: Sticky Flame
  5646 | Temple   | Entered the Ecumenical Temple
  5652 | Temple   | Became a worshipper of Makhleb the Destroyer
  5789 | D:7      | Reached skill level 8 in Conjurations
  5890 | D:7      | Identified the +1 short sword of Gutsumm {flame, rElec}
  6162 | D:7      | Found a runed translucent door.
  6163 | D:7      | Noticed Crazy Yiuf
  7027 | D:7      | Reached skill level 1 in Armour
  7038 | D:7      | Reached skill level 9 in Conjurations
  7439 | D:8      | Found Biwnuvosol's Jewellery Emporium.
  7591 | D:8      | Noticed a boulder beetle
  7593 | D:8      | Reached * piety under Makhleb
  7791 | D:8      | Reached XP level 10. HP: 73/73 MP: 0/0
  7797 | D:8      | Found a runed translucent gate.
  7798 | D:8      | Found a runed translucent gate.
  7799 | D:8      | Found a runed translucent gate.
  7999 | D:9      | Reached skill level 5 in Shields
  8111 | D:9      | Reached skill level 10 in Conjurations
  8151 | D:9      | Reached ** piety under Makhleb
  8368 | D:9      | Noticed a fire dragon
  8381 | D:9      | Found a white marble altar of Elyvilon.
  8381 | D:9      | Noticed a gargoyle
  8403 | D:8      | HP: 1/75 [troll (4)]
  8405 | D:8      | Slain by a troll

Illustrated notes

Levels and vault maps discovered:
D:1:      beargit_arrival_greenhouse, layout_loops_ring,
          chequers_ecumenical_altar_grove, serial_shops, shop
D:2:      layout_basic, uniq_natasha
D:3:      layout_basic, serial_shops, shop, feat_on_display
D:4:      layout_basic, mainiacjoe_overflow_tiny_flanked
D:5:      layout_loops_corners, mainiacjoe_overflow_small_starburst,
          serial_shops, kennysheep_mini
D:6:      layout_loops_ring, temple_hall, uniq_grinder
D:7:      layout_basic, minivault_11, grunt_ministairs_3,
          uniq_crazy_yiuf_cottage
D:8:      minmay_cornered_nines, layout_basic, biasface_ghost_orc_armoury,
          serial_shops, nicolae_shop_real_fake_doors
D:9:      layout_long_grid, elyvilon_altar_3, mainiacjoe_overflow_24_doors,
          orc_david_3, grunt_tough_drop
Temple:   eino_temple_rhombus

Skill      XL: |  1  2  3  4  5  6  7  8  9 10 |
---------------+-------------------------------+-----
Fighting       | 1 2 3 4 5 6 7 |  7.3
Spellcasting   | 4 5 6 7 8 |  8.1
Conjurations   | 4 5 6 7 9 10 | 10.4
Hexes          | 4 5 6 7 8 |  8.1
Summonings     | 4 5 6 7 8 |  8.1
Necromancy     | 4 5 6 7 8 |  8.1
Translocations | 4 5 6 7 8 |  8.1
Fire Magic     | 4 5 6 7 8 |  8.1
Ice Magic      | 4 5 6 7 8 |  8.1
Air Magic      | 4 5 6 7 8 |  8.1
Earth Magic    | 4 5 6 7 8 |  8.1
Alchemy        | 4 5 6 7 8 |  8.1
Ranged Weapons | 1 2 |  2.7
Shields        | 1 3 4 5 |  5.4
Armour         | 2 3 |  3.2
Dodging        | 3 4 |  4.4
Stealth        | |  1.5

Action                     |  1- 3 |  4- 6 |  7- 9 | 10-12 || total
---------------------------+-------+-------+-------+-------++-------
  Melee: Unarmed           |     4 |       |       |       ||     4
         Punch             |     1 |       |       |       ||     1
   Fire: Sling             |    48 |   102 |   190 |    39 ||   379
   Cast: Magic Dart        |    13 |    10 |    14 |       ||    37
         Summon Small Mamm |       |     8 |     7 |     1 ||    16
         Searing Ray       |       |     1 |    72 |    11 ||    84
         Iskenderun's Myst |       |       |     3 |     1 ||     4
         Fulminant Prism   |       |       |     1 |     2 ||     3
    Use: Scroll            |       |    10 |    12 |     1 ||    23
         Potion            |       |       |     3 |       ||     3
 Armour: Robe              |    14 |    21 |    74 |       ||   109
         Ring mail         |       |       |    58 |    42 ||   100
  Dodge: Dodged            |    20 |    13 |    89 |    33 ||   155
  Block: Buckler           |     2 |     7 |    42 |     9 ||    60

Table legend: (Time is in decaauts)
 A = Elapsed time spent in this place.
 B = Non-inter-level travel time spent in this place.
 C = Inter-level travel time spent in this place.
 D = Time resting spent in this place.
 E = Time spent auto-exploring this place.
 F = Levels seen in this place.
 G = Mean time per level.
                   A        B        C        D        E       F      G
               +--------+--------+--------+--------+--------+-----+--------+
         Total |   8577 |   8293 |    284 |      0 |   6784 |  10 |  857.7 |
       Dungeon |   8565 |   8281 |    284 |      0 |   6784 |   9 |  951.7 |
        Temple |     12 |     12 |      0 |      0 |      0 |   1 |   12.0 |
               +--------+--------+--------+--------+--------+-----+--------+

Top non-repeatable levels by time:
     D:5: 1428 daAuts
     D:7: 1352 daAuts
     D:6: 1118 daAuts
     D:2: 1068 daAuts
     D:8: 845 daAuts
     D:1: 789 daAuts
     D:3: 789 daAuts
     D:4: 613 daAuts
     D:9: 560 daAuts
  Temple: 12 daAuts
